Map: Acid Plant LE

Players

HateMe

  • Race: Zerg Zerg
  • Spawn Location: 5:00

Guru - Winner!

  • Race: Zerg Zerg
  • Spawn Location: 11:00

Event: WCS Leipzig 2018

VOD

Have the link to the VOD?

Description

Time

  • Played on: Jan. 26, 2018, 10:50 a.m.
  • Length: 10:32

All games in this series

Show
View Real Time Build Order
Export as new Build Order

HateMe Zerg 

Build Orders: Hatch First, Lurkers 

Get SALT Encoding   

  12  0:01  Drone  
  13  0:12  Overlord  
  13  0:17  Drone  
  14  0:31  Drone x2  
  14  0:34  Drone  
  17  0:51  Hatchery  
  17  0:54  Drone  
  17  0:57  Drone  
  17  1:01  Extractor  
  17  1:13  Spawning Pool  
  17  1:15  Drone  
  17  1:20  Drone  
  18  1:28  Drone  
  19  1:38  Overlord  
  19  1:50  Drone  
  20  1:59  Queen  
  20  2:00  Zergling x2  
  23  2:02  Metabolic Boost  
  23  2:03  Queen  
  23  2:06  Zergling x2  
  26  2:11  Drone  
  26  2:14  Drone  
  28  2:21  Drone  
  29  2:25  Drone  
  30  2:39  Hatchery  
  30  2:41  Zergling x2  
  30  2:42  Zergling x2  
  31  2:49  Baneling Nest  
  30  2:52  Zergling x2  
  30  2:55  Overlord  
  30  2:58  Drone  
  32  3:01  Drone  
  32  3:04  Drone  
  34  3:13  Drone x2  
  34  3:15  Overlord  
  36  3:21  Zergling x4  
  38  3:27  Queen  
  38  3:29  Drone  
  38  3:31  Drone  
  42  3:34  Drone  
  42  3:36  Drone  
  42  3:37  Baneling  
  42  3:38  Baneling  
  42  3:40  Zergling x2  
  44  3:42  Baneling  
  44  3:43  Baneling  
  44  3:47  Zergling x4  
  46  3:49  Baneling  
  46  3:51  Zergling x2  
  46  3:55  Zergling x4  
  49  3:56  Drone  
  49  3:57  Drone  
  49  3:59  Drone  
  49  4:01  Drone  
  53  4:04  Drone  
  54  4:12  Evolution Chamber  
  54  4:13  Roach Warren  
  54  4:15  Drone  
  54  4:16  Drone  
  54  4:21  Overlord  
  54  4:23  Drone x2  
  56  4:25  Drone  
  56  4:27  Baneling  
  56  4:30  Drone  
  57  4:39  Extractor  
  50  4:55  Zerg Missile Weapons Level 1  
  50  4:56  Lair  
  50  4:59  Zergling x14  
  57  5:00  Overlord x2  
  57  5:02  Drone x4  
  58  5:19  Roach x6  
  62  5:26  Roach x2  
  63  5:35  Roach x2  
  64  5:36  Queen  
  64  5:42  Zergling x2  
  65  5:43  Zergling x8  
  65  5:45  Queen  
  65  5:49  Overlord x2  
  71  5:51  Drone, Extractor  
  71  5:54  Drone  
  71  5:56  Glial Reconstitution  
  72  5:58  Drone x2  
  72  6:02  Overseer  
  74  6:05  Drone x3  
  74  6:09  Drone  
  74  6:10  Drone  
  79  6:19  Overlord  
  79  6:24  Drone x3  
  82  6:26  Roach  
  82  6:31  Drone x2  
  82  6:32  Drone x2  
  88  6:40  Extractor  
  88  6:42  Hydralisk Den  
  88  6:43  Extractor x2, Overlord  
  88  6:44  Drone x2  
  88  6:45  Drone x3  
  89  6:47  Drone  
  89  6:49  Drone  
  90  6:54  Drone x3  
  90  6:57  Zerg Missile Weapons Level 2  
  90  6:59  Overlord  
  90  7:00  Drone  
  94  7:09  Drone  
  94  7:10  Drone x4  
  98  7:16  Drone  
  98  7:17  Lurker Den  
  98  7:19  Drone  
  99  7:24  Overlord  
  99  7:25  Pneumatized Carapace, Hatchery  
  99  7:27  Roach x2  
  102  7:30  Roach  
  102  7:31  Roach x2  
  102  7:34  Roach x2  
  112  7:38  Roach  
  112  7:39  Roach  
  112  7:43  Roach  
  112  7:44  Roach x2  
  122  7:45  Ravager x2  
  122  7:47  Ravager  
  122  7:49  Overlord  
  125  7:58  Drone  
  126  8:08  Overlord  
  126  8:09  Extractor, Overlord  
  126  8:10  Muscular Augments  
  126  8:12  Extractor  
  124  8:13  Roach x2  
  124  8:14  Overlord  
  124  8:15  Overlord  
  128  8:27  Hydralisk  
  128  8:28  Hydralisk x7  
  128  8:33  Roach x5  
  154  8:45  Overlord  
  154  8:46  Overlord  
  154  8:47  Roach  
  154  8:48  Roach x4  
  164  8:55  Roach  
  166  8:56  Overlord x2  
  166  8:57  Overlord  
  166  9:03  Overlord x2  
  166  9:04  Roach  
  166  9:07  Lurker  
  166  9:09  Lurker  
  170  9:10  Roach  
  170  9:11  Roach  
  170  9:15  Lurker  
  175  9:21  Roach  
  175  9:22  Roach x3  
  166  9:32  Roach x3  
  166  9:33  Roach x3  
  166  9:38  Roach x3  
  167  9:50  Roach x7  
  167  9:51  Roach  
  164  9:53  Lurker  
  164  9:56  Roach x2  
  164  9:59  Roach  
  160  10:00  Roach  
  160  10:06  Roach  
  133  10:07  Roach x2  
  133  10:13  Roach  
  89  10:28  Unknown x2  
  89  10:29  Unknown x2  
Show
View Real Time Build Order
Export as new Build Order

Guru Zerg - Winner!

Build Orders: Hatch First 

Get SALT Encoding   

  12  0:00  Drone  
  13  0:12  Overlord  
  13  0:17  Drone  
  14  0:31  Drone x2  
  14  0:35  Drone  
  17  0:51  Hatchery  
  17  0:54  Drone  
  17  0:58  Drone  
  18  1:08  Extractor  
  17  1:13  Spawning Pool  
  17  1:16  Drone  
  17  1:19  Drone  
  18  1:29  Drone  
  19  1:59  Queen  
  19  2:00  Zergling x2  
  22  2:04  Queen  
  22  2:05  Zergling x4  
  26  2:08  Metabolic Boost  
  26  2:10  Drone  
  26  2:13  Drone  
  28  2:25  Hatchery  
  28  2:28  Drone  
  28  2:34  Overlord  
  28  2:43  Overlord  
  28  2:53  Drone x4  
  32  3:07  Overlord  
  33  3:12  Zergling x2  
  33  3:13  Zergling x8  
  33  3:15  Zergling x4  
  33  3:16  Drone  
  33  3:17  Drone  
  41  3:23  Baneling Nest  
  41  3:24  Drone  
  40  3:31  Drone  
  41  3:37  Drone  
  41  3:38  Overlord  
  42  3:43  Queen  
  42  3:44  Drone x2  
  42  3:45  Drone  
  42  3:48  Drone x2  
  48  3:51  Drone  
  48  3:54  Drone x2  
  52  3:56  Drone  
  52  4:02  Drone x3  
  56  4:09  Drone x2  
  57  4:14  Extractor  
  57  4:15  Extractor  
  55  4:17  Evolution Chamber  
  55  4:18  Zergling x2, Roach Warren  
  55  4:23  Zergling x6  
  57  4:26  Baneling x2  
  57  4:28  Zergling x4  
  59  4:35  Baneling x2  
  59  4:36  Zergling x4  
  60  4:39  Zergling x4  
  60  4:43  Zergling x4  
  60  4:44  Baneling  
  60  4:45  Baneling, Zergling x4  
  60  4:53  Zergling x6  
  60  4:56  Drone  
  60  4:57  Drone  
  60  4:58  Overlord  
  65  5:02  Overlord  
  65  5:03  Zerg Missile Weapons Level 1  
  65  5:06  Overlord  
  65  5:08  Overlord  
  65  5:14  Drone  
  65  5:18  Drone  
  65  5:19  Zergling x2  
  65  5:21  Roach x2  
  65  5:25  Roach  
  65  5:28  Roach  
  64  5:29  Drone x3  
  64  5:35  Roach  
  68  5:41  Lair  
  66  5:45  Drone  
  66  5:47  Zergling x4  
  68  5:50  Drone x3  
  68  5:53  Drone x2  
  72  6:02  Drone  
  72  6:03  Drone x2, Extractor  
  72  6:04  Drone  
  75  6:05  Roach  
  75  6:06  Roach x2  
  83  6:11  Roach x3  
  83  6:12  Baneling  
  83  6:13  Baneling  
  83  6:14  Ravager x2  
  83  6:16  Roach  
  91  6:19  Overlord  
  91  6:22  Roach x2  
  97  6:25  Roach  
  97  6:28  Unknown  
  97  6:29  Drone  
  98  6:36  Overlord x2  
  98  6:38  Glial Reconstitution  
  98  6:42  Drone x3  
  98  6:43  Drone x5  
  104  6:58  Overlord  
  104  6:59  Overseer  
  104  7:00  Roach x6  
  116  7:02  Roach x3  
  116  7:05  Extractor  
  116  7:06  Drone, Extractor  
  116  7:07  Overlord  
  121  7:09  Overlord  
  121  7:11  Overlord  
  121  7:16  Zerg Missile Weapons Level 2  
  121  7:19  Drone x3  
  121  7:20  Drone  
  121  7:22  Drone x2, Evolution Chamber  
  126  7:24  Roach  
  128  7:32  Roach x2  
  128  7:34  Roach  
  134  7:40  Roach x2  
  134  7:43  Roach x2  
  142  7:49  Zerg Ground Armor Level 1, Hatchery  
  141  7:52  Roach x3  
  141  7:53  Roach  
  141  7:58  Overlord  
  149  8:02  Roach x2  
  153  8:10  Overlord x2  
  153  8:14  Overlord x2  
  153  8:15  Hydralisk Den  
  153  8:16  Roach  
  153  8:17  Roach x3  
  153  8:18  Roach  
  162  8:25  Overlord  
  162  8:26  Overlord  
  162  8:29  Overlord  
  162  8:30  Roach x2  
  162  8:31  Roach  
  168  8:34  Roach  
  168  8:37  Roach x3  
  177  8:41  Ravager x4  
  177  8:47  Roach x2  
  183  9:02  Muscular Augments  
  183  9:11  Roach x6  
  183  9:12  Roach x2  
  197  9:17  Drone  
  197  9:22  Drone x2  
  197  9:29  Roach  
  197  9:30  Roach x3  
  199  9:38  Hydralisk  
  199  9:39  Hydralisk x2  
  199  9:42  Hydralisk  
  194  9:48  Hydralisk x2  
  194  9:50  Hydralisk  
  190  9:52  Hydralisk  
  190  9:53  Hydralisk x3  
  190  9:56  Hydralisk  
  190  10:02  Hydralisk  
  190  10:05  Roach x3  
  168  10:10  Roach x5  
Tags
 
Add a new tag
Caveats
  • Supply blocks, unpowered buildings, or Contaminate may cause inaccurate times.
  • Supply counts are checked every 10 seconds.